 Dungeon Crawl Stone Soup version 0.18.1-48-g4cf74bf (webtiles) character file.

3938 kobby the Cleaver (level 10, -16/83 HPs)
             Began as a Minotaur Gladiator on July 2, 2016.
             Was a Believer of Okawaru.
             Demolished by an orc warrior
             ... wielding a +0 glaive
              (23 damage)
             ... in a bailey.
             The game lasted 00:38:49 (7868 turns).

kobby the Cleaver (Minotaur Gladiator)              Turns: 7868, Time: 00:38:50

Health: -16/83     AC: 11    Str: 26    XL:     10   Next: 1%
Magic:  0/9        EV: 14    Int:  5    God:    Okawaru [**....]
Gold:   457        SH:  0    Dex: 13    Spells: 0 memorised, 9 levels left

rFire  . . .     SeeInvis .     a - +1 war axe
rCold  . . .     Gourm    .     t - +0 scale mail
rNeg   . . .     Faith    .     (no shield)
rPois  .         Spirit   +     c - +0 hat
rElec  .         Dismiss  .     (no cloak)
rCorr  .         Reflect  .     H - +0 pair of gloves
SustAt .         Harm     .     z - +0 pair of boots
MR     +....                    n - amulet of guardian spirit
Stlth  +.........               I - ring of stealth
                                l - ring of protection from magic

@: mighty, about to teleport, somewhat resistant to hostile enchantments, very
unstealthy
A: retaliatory headbutt, horns 2
a: Heroism, Renounce Religion


You were in a bailey.
You worshipped Okawaru.
Okawaru was pleased with you.
You were not hungry.

You visited 1 branch of the dungeon, and saw 8 of its levels.
You also visited: Sewer, Ossuary and Bailey.

You collected 457 gold pieces.

Inventory:

Hand Weapons
 a - a +1 war axe (weapon)
Missiles
 d - 2 throwing nets (quivered)
 f - 49 poisoned needles
 x - 3 exploding tomahawks
Armour
 c - a +0 hat (worn)
 t - a +0 scale mail (worn)
 z - a +0 pair of boots (worn)
 H - a +0 pair of gloves (worn)
Jewellery
 l - a ring of protection from magic (left hand)
 n - an amulet of guardian spirit (around neck)
 I - a ring of stealth (right hand)
Wands
 m - a wand of disintegration (3/24)
 o - a wand of lightning (0/15)
 F - a wand of slowing (20/48)
Scrolls
 g - a scroll of fear
 q - 3 scrolls of enchant armour
 v - 8 scrolls of identify
 G - a scroll of recharging
 K - 2 scrolls of remove curse
Potions
 b - a potion of haste {unknown}
 e - 6 potions of heal wounds
 j - a potion of magic
 k - a potion of might
 s - 2 potions of degeneration {unknown}
 w - 5 potions of agility
 A - 3 potions of curing
 B - 2 potions of brilliance
 C - a potion of flight
 D - 5 potions of cure mutation
 J - 2 potions of invisibility {unknown}
Books
 i - a book of Enchantments

   Spells                             Type                      Level
   a - Cause Fear                     Hexes                        4
   b - Yara's Violent Unravelling     Hexes/Transmutation          5
   c - Silence                        Hexes/Air                    5
   d - Deflect Missiles               Charms/Air                   6
   e - Haste                          Charms                       6
   f - Discord                        Hexes                        8
 y - a book of the Earth

   Spells                             Type                      Level
   a - Leda's Liquefaction            Hexes/Earth                  4
   b - Bolt of Magma                  Conjuration/Fire/Earth       5
   c - Statue Form                    Transmutation/Earth          6
   d - Iron Shot                      Conjuration/Earth            6
   e - Shatter                        Earth                        9
Comestibles
 h - 2 meat rations
 r - 6 bread rations
 u - 2 fruits
 E - a beef jerky


   Skills:
 + Level 6.0 Fighting
 * Level 11.4 Axes
 - Level 2.2 Throwing
 * Level 9.6 Armour
 + Level 7.1 Dodging
 - Level 0.5 Evocations


You had 9 spell levels left.
You didn't know any spells.

Dungeon Overview and Level Annotations

Branches:
Dungeon (8/15)             Temple (0/1) D:7
   Lair: D:8-11

Altars:
Cheibriados
Elyvilon
Gozag
Kikubaaqudgha
Makhleb
Nemelex Xobeh
Okawaru
Pakellas
Qazlal
Sif Muna
Trog
Xom
Yredelemnul
Zin

Annotations:
D:7 exclusion: ice statue
D:8 Joseph


Innate Abilities, Weirdness & Mutations

You reflexively headbutt those who attack you in melee.
You have a pair of horns on your head.


Message History

Number of times to repeat, then command key: You must enter the number of times for the command to repeat.
There is an open door, spattered with blood here.
Things that are here:
a spear; a chain mail You start resting.
The orc warrior closely misses you. The orc warrior completely misses you.
The orc shoots a bolt.
The bolt hits you!
* * * LOW HITPOINT WARNING * * *
There is an open door, spattered with blood here.
You see here a bolt.
You barely miss the orc warrior. You headbutt the orc warrior.
The orc warrior is lightly wounded.
Read which item? (? for menu, Esc to quit)
As you read the scroll of teleportation, it crumbles to dust.
You feel strangely unstable.
The orc warrior hits you with an enchanted glaive!
* * * LOW HITPOINT WARNING * * *
The orc warrior hits you from afar with a glaive!!
You die...

......≈≈#.#≈≈....(.###......≈≈
.......≈≈≈≈≈....#########....≈
...............##o....o.##....
..............##.o#'#'#..##...
..............#).##.#.##..#...
.............##.#########o# ..
.............##o'.#:.:#.')#
.......(.....##o###.8.###.#
.............##)@)#.o.#)'o#
.............##.####o####o#
.............##(.##∩oo##.o#..
.................##''o#..##..
..............).(##...o.##...
.......≈≈≈≈≈.....##....##....
......≈≈#.#≈≈o...#######....≈
# ##≈...............≈
^..≈...............≈


You could see 2 orc warriors and an orc.

Vanquished Creatures
  Pikel (D:8)
  Grinder (D:5)
  2 hippogriffs
  Menkaure (D:7)
  A sky beast (D:8)
  An ice beast (D:6)
  3 orc warriors (Bailey)
  A phantom (D:7)
  A black bear (D:8)
  2 ogres
  2 centaurs
  An elf zombie (Ossuary)
  6 big kobolds
  4 giant frogs
  A scorpion (D:4)
  5 howler monkeys
  A crimson imp (D:5)
  A giant frog skeleton (D:7)
  2 hounds (D:8)
  An orc priest (D:3)
  A gnoll shaman (D:6)
  A jelly (D:7)
  5 orc wizards
  4 iguanas
  2 worker ants
  3 big kobold zombies (Ossuary)
  2 mummies (Ossuary)
  A howler monkey skeleton (D:5)
  8 gnolls
  6 adders
  A river rat (D:5)
  2 oozes
  4 adder zombies (Ossuary)
  2 adder skeletons (D:4)
  4 worms
  A dart slug (D:3)
  3 giant geckos
  27 orcs
  A ball python (D:3)
  11 giant cockroaches
  9 goblins
  5 hobgoblins
  7 jackals
  13 bats
  3 giant newts
  2 goblin zombies (Ossuary)
  12 hobgoblin zombies (Ossuary)
  2 jackal skeletons (D:5)
  A jackal zombie (Ossuary)
  18 kobolds
  4 kobold zombies (Ossuary)
  10 orc zombies (Ossuary)
  8 rats
221 creatures vanquished.

Vanquished Creatures (others)
  A hungry ghost (D:8)
  A slave (D:8)
  2 orcs (D:8)
4 creatures vanquished.

Grand Total: 225 creatures vanquished

Notes
Turn   | Place    | Note
--------------------------------------------------------------
     0 | D:1      | kobby the Minotaur Gladiator began the quest for the Orb.
     0 | D:1      | Reached XP level 1. HP: 18/18 MP: 0/0
   274 | D:1      | Reached skill level 4 in Axes
   322 | D:1      | Reached XP level 2. HP: 25/25 MP: 1/1
   995 | D:2      | Reached skill level 1 in Armour
   995 | D:2      | Reached XP level 3. HP: 25/30 MP: 2/2
  1941 | D:3      | Reached XP level 4. HP: 35/37 MP: 3/3
  1998 | D:3      | Found a stormy altar of Qazlal.
  2353 | D:3      | Reached skill level 5 in Axes
  2353 | D:3      | Reached XP level 5. HP: 22/44 MP: 4/4
  2612 | D:3      | Found a bloodstained altar of Trog.
  3406 | D:4      | Noticed an ogre
  3413 | D:4      | Killed an ogre
  3413 | D:4      | Reached XP level 6. HP: 46/51 MP: 5/5
  3580 | D:4      | Found an ancient bone altar of Kikubaaqudgha.
  3770 | D:4      | Found a burning altar of Makhleb.
  3779 | D:4      | Reached skill level 6 in Axes
  3827 | D:4      | Found a sparkling altar of Nemelex Xobeh.
  3905 | D:5      | Entered Level 5 of the Dungeon
  3917 | D:5      | Reached skill level 5 in Dodging
  3917 | D:5      | Reached XP level 7. HP: 48/58 MP: 6/6
  3986 | D:5      | Found a sparkling altar of Nemelex Xobeh.
  4013 | D:5      | Reached skill level 5 in Armour
  4017 | D:5      | Reached skill level 7 in Axes
  4130 | D:5      | Found a glowing drain.
  4134 | Sewer    | Entered a sewer
  4299 | Sewer    | Reached XP level 8. HP: 62/66 MP: 7/7
  4305 | Sewer    | Reached skill level 8 in Axes
  4620 | D:5      | Noticed Grinder
  4634 | D:5      | Killed Grinder
  4768 | D:5      | Found a white marble altar of Elyvilon.
  4924 | D:5      | Found a basalt altar of Yredelemnul.
  5220 | D:6      | Reached skill level 9 in Axes
  5307 | D:6      | Reached skill level 5 in Fighting
  5350 | D:6      | Found a deep blue altar of Sif Muna.
  5405 | D:6      | Found a shimmering altar of Xom.
  5498 | D:6      | Found a glowing silver altar of Zin.
  5498 | D:6      | Found an opulent altar of Gozag.
  5771 | D:7      | Found an iron altar of Okawaru.
  5782 | D:7      | Became a worshipper of Warmaster Okawaru
  5846 | D:7      | Found a deep blue altar of Sif Muna.
  5846 | D:7      | Found an oddly glowing altar of Pakellas.
  5852 | D:7      | Found a snail-covered altar of Cheibriados.
  6050 | D:7      | Reached XP level 9. HP: 66/74 MP: 8/8
  6206 | D:7      | Noticed an ice statue
  6218 | D:7      | Noticed Menkaure
  6227 | D:7      | Killed Menkaure
  6227 | D:7      | Reached skill level 10 in Axes
  6418 | D:7      | Found a staircase to the Ecumenical Temple.
  6880 | D:8      | Reached * piety under Okawaru
  6909 | D:8      | Noticed Pikel
  6931 | D:8      | Killed Pikel
  6932 | D:8      | Reached ** piety under Okawaru
  6977 | D:8      | Found a sand-covered staircase.
  6982 | Ossuary  | Entered an ossuary
  7214 | Ossuary  | Reached skill level 11 in Axes
  7322 | D:8      | Noticed Joseph
  7437 | D:8      | Found a flagged portal.
  7448 | Bailey   | Entered a bailey
  7822 | Bailey   | Reached XP level 10. HP: 73/83 MP: 9/9
  7832 | Bailey   | Noticed an orc knight
  7868 | Bailey   | Demolished by an orc warrior

Skill      XL: |  1  2  3  4  5  6  7  8  9 |
---------------+----------------------------+-----
Axes           | 4 5 6 7 9 11 | 11.4
Armour         | 1 2 3 4 5 7 9 |  9.6
Dodging        | 4 5 6 7 |  7.1
Fighting       | 3 4 5 6 |  6.0
Throwing       | |  2.2
Evocations     | |  0.5

Action                   |  1- 3 |  4- 6 |  7- 9 | 10-12 || total
-------------------------+-------+-------+-------+-------++-------
Melee: War axe           |    70 |   111 |   368 |     4 ||   553
       Headbutt          |     9 |    17 |    79 |     1 ||   106
Throw: Throwing net      |       |     1 |     1 |       ||     2
Evoke: Wand              |       |       |     6 |       ||     6
  Use: Scroll            |     4 |     5 |    11 |     2 ||    22
       Potion            |     4 |     4 |     4 |     1 ||    13
 Stab: Held in net/web   |       |     2 |     2 |       ||     4
  Eat: Bread ration      |     1 |       |       |       ||     1
       Meat ration       |       |     1 |     2 |       ||     3
       Chunk             |       |     1 |       |       ||     1
       Pizza             |       |       |     3 |       ||     3
Armor: Leather armour    |    22 |    18 |       |       ||    40
       Scale mail        |       |     7 |   155 |       ||   162
Dodge: Dodged            |    43 |    74 |   245 |     5 ||   367
